 Dungeon Crawl Stone Soup version 0.27.1-4-g1640c2035a (webtiles) character file.

Game seed: 679526483474424711

1304 Stomo444 the Skirmisher (level 8, -11/73 HPs)
             Began as a Minotaur Berserker on Nov 12, 2021.
             Was an Elder of Trog.
             Mangled by an orc warrior (19 damage)
             ... on level 7 of the Dungeon on Nov 13, 2021.
             The game lasted 00:08:43 (5586 turns).

Stomo444 the Skirmisher (Minotaur Berserker)        Turns: 5586, Time: 00:08:44

Health: -11/73     AC:  3    Str: 24    XL:     8   Next: 31%
Magic:  7/7        EV: 13    Int:  4    God:    Trog [****..]
Gold:   109        SH:  0    Dex: 10    Spells: 7/7 levels left

rFire    . . .     SeeInvis .   y - +5 flail (vorpal)
rCold    + + .     Faith    .   (no shield)
rNeg     . . .     Spirit   .   b - +0 animal skin
rPois    +         Reflect  .   (helmet restricted)
rElec    +         Harm     .   (no cloak)
rCorr    .         Rampage  .   m - +0 pair of gloves "Susm" {-Cast rElec rC++}
Will     +....     NoCast   +   (no boots)
Stlth    +.........             e - amulet of the acrobat
HPRegen  0.22/turn              k - ring of willpower
MPRegen  0.10/turn              o - ring of poison resistance

@: on berserk cooldown, slowed, very slow
A: horns 2, retaliatory headbutt
a: Renounce Religion, Berserk, Trog's Hand, Brothers in Arms


You were on level 7 of the Dungeon.
You worshipped Trog.
Trog was greatly pleased with you.
You visited 1 branch of the dungeon, and saw 6 of its levels.
You also visited: Sewer.

You collected 109 gold pieces.

Inventory:

Hand Weapons
 a - a +0 mace
 g - a +1 whip of venom
 h - the +7 great mace "Undeadhunter" {disrupt, rN+}
   (You acquired it on level 6 of the Dungeon)

   It inflicts significantly more damage against the undead.
   rN:        It protects you from negative energy.
 y - a +5 vorpal flail (weapon)
Armour
 b - a +0 animal skin (worn)
 m - the +0 pair of gloves "Susm" (worn) {-Cast rElec rC++}
   (You acquired it on level 6 of the Dungeon)

   rC:        It greatly protects you from cold.
   rElec:     It insulates you from electricity.
   -Cast:     It prevents spellcasting.
Jewellery
 e - an amulet of the acrobat (around neck)
 k - a ring of willpower (left hand)
 o - a ring of poison resistance (right hand)
Wands
 x - a wand of digging (5)
Scrolls
 d - 2 scrolls of magic mapping
 f - a scroll of amnesia
 i - 2 scrolls of identify
 l - 5 scrolls of teleportation
 w - a scroll of blinking
Potions
 c - a potion of curing {unknown}
 j - a potion of lignification {unknown}
 n - a potion of magic {unknown}
 p - 2 potions of heal wounds {unknown}
 q - 4 potions of invisibility {unknown}
 r - a potion of resistance
 s - a potion of haste {unknown}
 t - a potion of brilliance {unknown}
 u - a potion of mutation {unknown}
 z - 2 potions of ambrosia {unknown}
 B - a potion of flight {unknown}


   Skills:
 + Level 7.0 Fighting
 + Level 7.0 Maces & Flails
 + Level 6.4 Armour
 + Level 6.0 Dodging


You had 7 spell levels left.
You didn't know any spells.
Your spell library was empty.

Dungeon Overview and Level Annotations

Branches:
Dungeon (7/15)              Sewer (visited)
 Temple: D:4-7

Altars:
Yredelemnul

Shops:
D:7 *


Innate Abilities, Weirdness & Mutations

You have a pair of horns on your head.
You reflexively headbutt those who attack you in melee.


Message History

You kill the killer bee!
Trog accepts your kill. The killer bee misses you. You furiously retaliate!
You headbutt the killer bee!
Your Fighting skill increases to level 7!
You closely miss the killer bee. Your headbutt misses the killer bee.
The killer bee is heavily wounded.
The killer bee stings you!
You barely miss the killer bee. Your headbutt misses the killer bee.
The killer bee is heavily wounded.
The killer bee stings you. The killer bee closely misses you.
You furiously retaliate!
You headbutt the killer bee!
You kill the killer bee!
Trog accepts your kill.
Your Maces & Flails skill increases to level 7!
Your Dodging skill increases to level 6!
You start resting.
You feel a strong urge to attack something.
You are no longer berserk.
You are exhausted.
You feel yourself slow down.
You start resting.
An orc warrior comes into view. It is wielding a +2 vorpal war axe.
An orc warrior is nearby!
The orc warrior shouts!
You see here a killer bee corpse.
You thump the orc warrior! Your headbutt misses the orc warrior.
The orc warrior is moderately wounded.
The orc warrior barely misses you.
You closely miss the orc warrior.
The orc warrior is moderately wounded.
The orc warrior closely misses you. You furiously retaliate!
You headbutt the orc warrior.
The orc warrior hits you with a +2 vorpal war axe.
You barely miss the orc warrior. Your headbutt misses the orc warrior.
The orc warrior is heavily wounded.
The orc warrior hits you with a +2 vorpal war axe!!
* * * LOW HITPOINT WARNING * * *
x2 The orc warrior hits you with a +2 vorpal war axe!!
You die...

###### #....#
#..?.# ### #....+
..# #....# #.#
#####....# #.# #
.........###.##.#
..........@o†.(>#
###.##)####..###
#∩'..#)####..#
#......##..#
##.).#.#....
##.)#.##...#
#..#.##...#
#..#.##...#
##.#.#######


You could see an orc warrior.

Vanquished Creatures
  2 ogres (D:6)
  A kobold brigand (Sewer)
  A bullfrog (D:6)
  A wyvern zombie (D:6)
  6 killer bees (D:7)
  3 centaur zombies (D:6)
  2 orc priests
  A hound (D:6)
  An iguana (D:6)
  3 orc wizards
  8 gnolls
  5 river rats
  15 adders
  A shadow imp (D:7)
  3 worms
  2 dart slugs
  11 orcs
  13 ball pythons
  5 bats
  6 endoplasms
  6 giant cockroaches
  6 goblins
  5 hobgoblins
  2 jackals (D:2)
  A quokka (D:4)
  3 frilled lizards
  23 kobolds
  33 rats
169 creatures vanquished.

Notes
Turn   | Place    | Note
-------+----------+-------------------------------------------
     0 | D:1      | Stomo444 the Minotaur Berserker began the quest for the
                  | Orb.
     0 | D:1      | Reached XP level 1. HP: 19/19 MP: 0/0
   126 | D:1      | Reached XP level 2. HP: 3/27 MP: 1/1
   685 | D:1      | Reached XP level 3. HP: 30/33 MP: 2/2
   974 | D:2      | Reached XP level 4. HP: 33/40 MP: 3/3
  1147 | D:2      | Reached ** piety under Trog
  2065 | D:2      | Reached XP level 5. HP: 43/47 MP: 4/4
  2844 | D:3      | Found a glowing drain.
  2930 | Sewer    | Entered a sewer
  3008 | Sewer    | Reached skill level 5 in Fighting
  3008 | Sewer    | Reached skill level 5 in Maces & Flails
  3008 | Sewer    | Reached XP level 6. HP: 36/56 MP: 5/5
  3266 | Sewer    | Reached *** piety under Trog
  4186 | D:3      | Found a basalt altar of Yredelemnul.
  4769 | D:4      | Reached **** piety under Trog
  4897 | D:4      | You fall into a shaft and drop 2 floors!
  4946 | D:6      | Reached skill level 5 in Armour
  4946 | D:6      | Reached XP level 7. HP: 52/62 MP: 6/6
  5017 | D:6      | Reached skill level 5 in Dodging
  5057 | D:6      | Identified 2 scrolls of acquirement
  5261 | D:6      | Acquired the +0 pair of gloves "Susm" {-Cast rElec rC++}
  5268 | D:6      | Acquired the +7 great mace "Undeadhunter" {disrupt, rN+}
  5268 | D:6      | Found the +7 great mace "Undeadhunter" {disrupt, rN+}
  5552 | D:7      | Found Lacukhla's Assorted Antiques.
  5562 | D:7      | Reached XP level 8. HP: 63/71 MP: 7/7
  5586 | D:7      | Mangled by an orc warrior

Illustrated notes

Levels and vault maps discovered:
D:1:      lightli_arrival_statue_moat, layout_rooms, grunt_decor_clamped
D:2:      layout_basic, minmay_pentomino_pile
D:3:      minmay_recursive_quarters, layout_loops_corners,
          mainiacjoe_overflow_catwalk, portal_sewer_entry_b
D:4:      layout_basic
D:6:      layout_rooms, grunt_ministairs_14
D:7:      layout_basic, kennysheep_little_box, minmay_temple_entry_hall,
          serial_shops, nicolae_lakefront_shop, kennysheep_mini,
          nicolae_stop_n_shop_2

Skill      XL: |  1  2  3  4  5  6  7  8 |
---------------+-------------------------+-----
Fighting       | 4 5 6 7 |  7.0
Maces & Flails | 4 5 6 7 |  7.0
Armour         | 3 4 5 6 |  6.4
Dodging        | 3 4 5 6 |  6.0

Action                   |  1- 3 |  4- 6 |  7- 9 || total
-------------------------+-------+-------+-------++-------
Melee: Mace              |    37 |       |       ||    37
       Headbutt          |     6 |    35 |     6 ||    47
       Whip              |     6 |   213 |       ||   219
       Flail             |       |     9 |    42 ||    51
Invok: Berserk           |       |       |     2 ||     2
  Use: Scroll            |       |       |    10 ||    10
 Stab: Sleeping          |       |     2 |       ||     2
Armor: Animal skin       |     5 |    29 |     3 ||    37
Dodge: Dodged            |    28 |   173 |    44 ||   245
